Map: [ESL] Hard Lead

Players

Dark - Winner!

  • Race: Zerg Zerg
  • Spawn Location: 5:00

herO

  • Race: Protoss Protoss
  • Spawn Location: 11:00

Event: IEM Katowice 2024

VOD

Have the link to the VOD?

Description

Time

  • Played on: Feb. 8, 2024, 12:52 p.m.
  • Length: 14:05

All games in this series

Show
View Real Time Build Order
Export as new Build Order

Dark Zerg - Winner!

Build Orders: Hatch First 

Get SALT Encoding   

  12  0:00  Drone  
  13  0:07  Drone  
  14  0:15  Extractor, Drone  
  15  0:36  Hatchery  
  15  0:41  Extractor, Drone  
  15  0:48  Overlord  
  15  1:02  Spawning Pool  
  14  1:06  Drone  
  14  1:09  Drone  
  16  1:13  Drone  
  16  1:18  Drone  
  18  1:27  Extractor  
  18  1:30  Drone  
  19  1:40  Drone  
  19  1:49  Queen x2  
  19  1:51  Drone  
  24  1:54  Drone  
  24  2:00  Drone  
  26  2:01  Overlord  
  26  2:09  Drone  
  26  2:11  Drone  
  28  2:22  Drone x2  
  30  2:25  Queen  
  32  2:34  Overlord  
  32  2:36  Drone  
  33  2:41  Hatchery  
  32  2:46  Drone x2  
  34  2:56  Drone x2  
  36  2:58  Queen  
  36  3:01  Queen  
  40  3:05  Overlord  
  40  3:10  Zergling x4  
  40  3:12  Drone  
  43  3:16  Overlord  
  43  3:17  Drone  
  44  3:30  Drone x4  
  44  3:33  Overlord  
  48  3:34  Queen  
  48  3:36  Metabolic Boost  
  48  3:39  Drone  
  51  3:45  Drone  
  51  3:46  Overlord  
  51  3:48  Overlord  
  52  3:53  Roach Warren  
  51  3:58  Queen  
  51  4:00  Extractor  
  51  4:02  Drone x2, Extractor  
  53  4:03  Drone  
  53  4:07  Drone x2  
  56  4:11  Zergling x2, Spore Crawler  
  56  4:16  Zergling x6  
  59  4:18  Drone  
  59  4:22  Drone  
  61  4:26  Overlord  
  61  4:29  Spore Crawler  
  61  4:30  Spore Crawler  
  59  4:33  Roach x2  
  61  4:41  Roach x2  
  65  4:47  Lair  
  65  4:48  Drone x2  
  65  4:49  Drone  
  65  4:51  Drone  
  69  4:53  Drone  
  69  4:59  Roach x2  
  74  5:00  Drone  
  74  5:01  Drone  
  74  5:03  Drone  
  74  5:05  Drone  
  74  5:06  Drone  
  79  5:10  Drone x2  
  79  5:14  Evolution Chamber  
  80  5:18  Drone x3  
  83  5:24  Drone x2  
  83  5:25  Drone x2  
  83  5:27  Drone  
  88  5:32  Roach  
  90  5:36  Overlord  
  90  5:37  Overlord x2  
  90  5:39  Overlord  
  90  5:46  Spire  
  90  5:49  Extractor  
  88  5:51  Extractor, Overseer  
  88  5:53  Drone x2, Zerg Missile Weapons Level 1, Extractor  
  88  5:56  Roach x3  
  94  5:58  Glial Reconstitution  
  94  6:02  Drone x3  
  97  6:08  Drone x4  
  101  6:12  Drone  
  101  6:13  Drone  
  101  6:28  Drone x2, Overlord  
  103  6:33  Overseer  
  103  6:36  Overlord  
  103  6:39  Overlord, Hatchery  
  102  6:41  Overlord  
  102  6:46  Overlord x2  
  102  7:00  Mutalisk x8  
  117  7:05  Roach x3  
  117  7:06  Zergling x6, Roach  
  127  7:10  Zergling x6  
  127  7:11  Ravager  
  127  7:14  Zergling x4  
  127  7:15  Ravager  
  134  7:16  Zergling x8  
  134  7:20  Ravager  
  139  7:27  Roach x3  
  145  7:36  Zergling x8  
  147  7:37  Ravager x2  
  152  7:44  Roach x2  
  152  7:48  Zerg Melee Weapons Level 1  
  152  7:55  Overlord x2  
  152  7:56  Zergling x10  
  152  7:57  Zergling x2  
  156  8:04  Overlord  
  156  8:07  Zergling x8  
  156  8:08  Overlord  
  156  8:12  Overlord  
  159  8:14  Roach x3  
  159  8:15  Roach  
  159  8:17  Roach  
  159  8:18  Roach  
  160  8:20  Roach  
  160  8:26  Roach  
  160  8:28  Zergling x2  
  160  8:29  Roach  
  160  8:30  Roach  
  160  8:31  Roach  
  160  8:33  Zergling x2  
  155  8:35  Zergling x4  
  155  8:36  Extractor  
  155  8:38  Zergling x6  
  154  8:43  Drone  
  154  8:47  Roach x4  
  161  8:53  Roach  
  161  8:55  Roach  
  159  8:59  Queen  
  159  9:00  Zergling x2  
  156  9:03  Roach  
  156  9:05  Baneling Nest  
  156  9:07  Zergling x2  
  156  9:08  Roach  
  156  9:09  Roach x3  
  165  9:10  Roach x3  
  165  9:17  Zergling x4  
  162  9:18  Zergling x2  
  162  9:20  Zergling x2  
  160  9:28  Drone  
  160  9:29  Drone x2  
  161  9:40  Mutalisk x4  
  161  9:42  Mutalisk x4  
  175  9:49  Zergling x2  
  173  9:53  Zerg Melee Weapons Level 2  
  173  9:59  Roach x2, Hatchery  
  158  10:00  Roach x2  
  158  10:01  Zergling x8  
  158  10:06  Centrifugal Hooks  
  164  10:09  Zergling x8  
  162  10:15  Zergling x10  
  162  10:19  Ravager x5  
  172  10:24  Zergling x10  
  174  10:29  Zergling x6  
  174  10:33  Zergling x6  
  178  10:42  Zergling x10  
  180  10:48  Zergling x4  
  176  10:52  Zergling x8  
  176  11:02  Drone  
  176  11:03  Overlord  
  175  11:07  Zergling x10  
  175  11:08  Baneling x15  
  180  11:12  Zergling x10  
  180  11:18  Zergling x2  
  184  11:20  Drone  
  184  11:27  Zergling x12  
  186  11:35  Baneling x19  
  186  11:36  Zergling x16  
  192  11:44  Zergling x6, Hatchery  
  194  11:57  Zergling x14  
  185  12:07  Zergling x16  
  192  12:10  Zergling x2  
  193  12:16  Zergling x12  
  196  12:23  Zergling x2  
  196  12:29  Roach  
  188  12:30  Roach x3  
  188  12:33  Roach x3  
  192  12:37  Baneling x11  
  192  12:39  Zergling x2  
  173  12:45  Roach x6  
  173  12:47  Zergling x6  
  173  12:49  Roach  
  156  12:52  Zergling x2  
  143  12:58  Zergling x10  
  143  13:01  Zergling x2  
  143  13:04  Zergling x6  
  147  13:08  Ravager x4  
  149  13:13  Zergling x2  
  149  13:14  Zergling x8  
  149  13:15  Zergling x4  
  149  13:18  Zergling x2  
  156  13:22  Zergling x2  
  156  13:24  Zergling x2  
  156  13:30  Zergling x14  
  156  13:31  Zergling x8  
  163  13:36  Zergling x2  
  163  13:37  Zergling x6  
  164  13:41  Zergling x2  
  164  13:45  Zergling x14  
Show
View Real Time Build Order
Export as new Build Order

herO Protoss 

Build Orders: 1 Gate Expand, Zealot Archon, Archon Drop, Dark Templar Rush 

Get SALT Encoding   

  12  0:00  Probe  
  13  0:12  Probe  
  14  0:17  Pylon  
  14  0:24  Probe (Chrono Boost)  
  14  0:27  Assimilator  
  15  0:36  Probe (Chrono Boost)  
  16  0:44  Probe (Chrono Boost)  
  16  0:47  Gateway  
  17  0:50  Probe  
  18  1:03  Probe  
  19  1:15  Probe  
  20  1:23  Nexus  
  20  1:35  Cybernetics Core  
  20  1:36  Probe  
  21  1:41  Assimilator  
  21  1:48  Probe  
  21  1:51  Pylon  
  22  2:00  Probe (Chrono Boost)  
  23  2:11  Stalker  
  23  2:12  Probe (Chrono Boost)  
  23  2:14  Twilight Council  
  26  2:20  Warp Gate  
  26  2:21  Probe (Chrono Boost)  
  27  2:26  Probe (Chrono Boost)  
  28  2:36  Probe (Chrono Boost)  
  29  2:39  Probe (Chrono Boost)  
  29  2:40  Adept  
  33  2:44  Probe (Chrono Boost)  
  33  2:45  Probe (Chrono Boost)  
  33  2:49  Probe (Chrono Boost)  
  34  2:53  Probe  
  34  2:54  Robotics Facility  
  36  3:02  Dark Shrine  
  36  3:05  Probe x2  
  38  3:16  Gateway  
  38  3:17  Gateway  
  38  3:19  Probe  
  39  3:21  Probe  
  40  3:29  Assimilator  
  41  3:34  Probe x2  
  41  3:36  Pylon  
  41  3:38  Warp Prism (Chrono Boost)  
  42  3:46  Probe (Chrono Boost)  
  46  3:49  Assimilator  
  46  3:51  Probe (Chrono Boost)  
  47  3:57  Probe (Chrono Boost)  
  47  3:59  Pylon  
  47  4:01  Probe (Chrono Boost)  
  47  4:02  Probe (Chrono Boost)  
  48  4:07  Observer  
  50  4:10  Probe  
  50  4:12  Probe  
  52  4:18  Dark Templar  
  52  4:19  Dark Templar x2  
  59  4:25  Pylon  
  59  4:29  Observer  
  59  4:31  Nexus  
  59  4:42  Probe x2  
  61  4:45  Forge, Robotics Bay  
  61  4:51  Shield Battery  
  61  4:55  Probe x2  
  61  4:57  Pylon  
  63  5:04  Blink (Chrono Boost), Pylon  
  63  5:07  Probe x2  
  63  5:08  Gateway  
  65  5:14  Protoss Ground Weapons Level 1  
  65  5:19  Probe x2  
  67  5:26  Gateway  
  67  5:27  Gateway  
  67  5:32  Gravitic Drive, Disruptor (Chrono Boost)  
  67  5:35  Probe  
  72  5:37  Probe  
  73  5:43  Probe  
  73  5:44  Dark Templar  
  73  5:45  Archon  
  73  5:49  Archon  
  76  5:51  Gateway  
  76  5:53  Assimilator, Probe x2  
  76  5:55  Probe  
  79  5:57  Disruptor (Chrono Boost)  
  79  5:59  Stalker  
  85  6:05  Stalker  
  85  6:06  Stalker  
  89  6:16  Observer, Probe x2  
  89  6:17  Probe  
  92  6:19  Pylon  
  92  6:21  Pylon, Stalker x2  
  92  6:23  Stalker  
  98  6:27  Pylon  
  98  6:32  Probe  
  99  6:33  Disruptor  
  99  6:34  Probe  
  99  6:39  Stalker  
  106  6:40  Stalker  
  108  6:47  Pylon x2  
  108  6:53  Stalker x2  
  112  6:54  Gateway  
  112  6:58  Assimilator  
  112  7:00  Stalker  
  114  7:02  Probe  
  114  7:03  Probe  
  114  7:05  Shield Battery, Pylon  
  116  7:11  Disruptor (Chrono Boost)  
  116  7:12  Stalker  
  122  7:20  Stalker x4  
  130  7:31  Stalker x2  
  134  7:39  Pylon x2  
  134  7:45  Stalker x3  
  134  7:46  Stalker x2  
  134  7:48  Probe x3  
  143  8:02  Stalker x3  
  143  8:03  Probe x2  
  143  8:04  Probe  
  150  8:18  Stalker x5  
  134  8:28  Warp Prism (Chrono Boost)  
  118  8:37  Stalker x2  
  114  8:43  Stalker x5  
  114  8:48  Stalker  
  126  8:57  Disruptor (Chrono Boost)  
  100  9:11  Stalker x7  
  100  9:15  Stalker  
  110  9:27  Disruptor (Chrono Boost)  
  114  9:34  Stalker x5  
  114  9:35  Stalker  
  123  9:56  Disruptor (Chrono Boost)  
  123  10:03  Stalker x7  
  123  10:06  Stalker  
  137  10:18  Disruptor  
  112  10:53  Stalker x8  
  124  10:57  Disruptor (Chrono Boost)  
  124  11:02  Probe x3  
  131  11:12  Photon Cannon  
  131  11:14  Probe x3  
  134  11:19  Stalker x5  
  144  11:34  Stalker x3  
  150  11:46  Stalker x5  
  159  11:49  Probe x2  
  157  11:56  Photon Cannon  
  157  11:57  Disruptor (Chrono Boost)  
  159  12:09  Stalker x2  
  150  12:30  Stalker x5  
  125  12:51  Stalker x2  
  107  12:53  Disruptor (Chrono Boost)  
  91  13:05  Stalker x6  
  95  13:15  Stalker  
  97  13:22  Disruptor (Chrono Boost)  
  97  13:41  Stalker x2  

Tags
 
Add a new tag
Caveats
  • Supply blocks, unpowered buildings, or Contaminate may cause inaccurate times.
  • Supply counts are checked every 10 seconds.